 Dungeon Crawl Stone Soup version 0.28-a0-1080-g05a166d0ed (webtiles) character file.

Game seed: 530355104071502397

29 siradein the Skirmisher (level 3, -8/29 HPs)
             Began as a Vampire Fighter on Dec 9, 2021.
             Killed by divine providence
             ... invoked by an orc priest
              (13 damage)
             ... on level 3 of the Dungeon.
             The game lasted 00:02:44 (1186 turns).

siradein the Skirmisher (Vampire Fighter)           Turns: 1186, Time: 00:02:45

Health: -8/29      AC:  6    Str: 17    XL:     3   Next: 1%
Magic:  3/3        EV: 10    Int: 10    God:
Gold:   92         SH:  4    Dex: 13    Spells: 2/2 levels left

rFire   . . .      SeeInvis +   a - +0 long sword
rCold   . . .      Faith    .   c - +0 buckler
rNeg    . . .      Spirit   .   i - +0 ring mail
rPois   .          Reflect  .   (no helmet)
rElec   .          Harm     .   (no cloak)
rCorr   .          Rampage  .   (no gloves)
Will    .....                   b - +0 pair of boots
Stlth   +.........              (no amulet)
HPRegen 0.29/turn               e - ring of flight
MPRegen 0.08/turn               (no ring)

@: flying, healing quickly
A: alive, fangs 3, see invisible, vampiric 2
a: Exsanguinate


You were on level 3 of the Dungeon.
You visited 1 branch of the dungeon, and saw 3 of its levels.

You collected 92 gold pieces.

Inventory:

Hand Weapons
 a - a +0 long sword (weapon)
Missiles
 l - 6 javelins (quivered)
 m - 10 poisoned darts
Armour
 b - a +0 pair of boots (worn)
 c - a +0 buckler (worn)
 i - a +0 ring mail (worn)
Jewellery
 e - a ring of flight (left hand)
 f - a ring of wizardry
Scrolls
 g - 2 scrolls of identify {unknown}
 h - a scroll of silence {unknown}
 j - a scroll of teleportation {unknown}
Potions
 d - a potion of might
 k - a potion of lignification {unknown}
 n - a potion of curing {unknown}
 o - a potion of ambrosia {unknown}


   Skills:
 + Level 3.0 Fighting
 + Level 2.3 Long Blades
 + Level 2.7 Armour
 + Level 0.6 Dodging
 + Level 3.0 Shields


You had 2 spell levels left.
You didn't know any spells.
Your spell library was empty.

Dungeon Overview and Level Annotations

Branches:
Dungeon (3/15)

Altars:

Annotations:
D:3 Ijyb


Innate Abilities, Weirdness & Mutations

Your natural rate of healing is accelerated.
You have razor-sharp teeth.
You have supernaturally acute eyesight. (SInv)
You are afflicted with vampirism and can become a bat while bloodless.


Message History

An orc comes into view. It is wielding a +0 short sword.
You slash the bat!
You kill the bat!
You have reached level 3!
Your experience leads to an increase in your attributes!
Increase (S)trength, (I)ntelligence, or (D)exterity?
You feel stronger. x2
You can now turn into a vampire bat when bloodless.
You start waiting.
There are monsters nearby!
The orc barely misses you.
The orc priest invokes the aid of Beogh against you.
Beogh smites you!
An orc priest comes into view. It is wielding a +0 club.
The orc priest shouts!
An orc priest comes into view.
It is wielding a +2 flail of protection.
The orc priest shouts!
You hear a shout! x2
The orc hits you with a +0 short sword. The orc priest barely misses you.
You hit the orc priest. Your bite misses the orc priest.
The orc priest is lightly wounded.
You block the orc priest's attack. The orc closely misses you.
The orc priest hits you with a +0 club.
You hit the orc priest but do no damage.
The orc priest is lightly wounded.
The orc priest calls upon Beogh to heal the orc priest.
The orc priest's wounds heal themselves!
The orc hits you but does no damage.
The orc priest hits you but does no damage.
Ijyb the Twisted Goblin comes into view.
She is wielding a +0 dagger and carrying a wand of polymorph (2).
The orc closely misses you.
An orc comes into view. It is wielding a +0 short sword.
The orc priest casts a cantrip, but nothing happens.
There is a stone staircase leading down here.
The orc priest looks braver for a moment.
The orc priest calls down the wrath of Beogh upon you.
Beogh smites you!
* * * LOW HITPOINT WARNING * * *
The orc priest mumbles some strange prayers to Beogh against you.
Beogh smites you!
You die...

#..<....#
#.†.....#
#.......#
#.......#
#.......###
#.........#
###+#.###.#######.
#.............
######@######## ..
#.# ##.##>#
#.#....o##
........o.#
##.######o## #o.##
#...# ###......#


You could see 3 orc priests and an orc.

Vanquished Creatures
  A worm (D:2)
  3 bats
  4 giant cockroaches
  A goblin (D:1)
  4 hobgoblins
  3 kobolds
  A ball python (D:1)
  4 frilled lizards
  4 rats
25 creatures vanquished.

Notes
Turn   | Place    | Note
-------+----------+-------------------------------------------
     0 | D:1      | siradein the Vampire Fighter began the quest for the Orb.
     0 | D:1      | Reached XP level 1. HP: 17/17 MP: 1/1
    74 | D:1      | Found a faded altar of an unknown god.
   139 | D:1      | You are sucked into a shaft and drop 1 floor!
   166 | D:2      | Reached XP level 2. HP: 23/23 MP: 2/2
  1170 | D:3      | Gained mutation: You are afflicted with vampirism and can
                  | become a bat while bloodless. [Vampire growth]
  1170 | D:3      | Reached XP level 3. HP: 29/29 MP: 3/3
  1179 | D:3      | Noticed Ijyb
  1186 | D:3      | Killed from afar by an orc priest

Illustrated notes

Levels and vault maps discovered:
D:1:      minmay_arrival_solitary_statue, layout_rooms,
          hellmonk_ecumenical_altar_crossroads
D:2:      layout_loops_ring, minmay_misc_feat_diagonals, minmay_misc_feat_tower
D:3:      layout_basic, kennysheep_decorative_pillar, uniq_sigmund,
          uniq_crazy_yiuf_cottage, uniq_ijyb

Skill      XL: |  1  2 |
---------------+-------+-----
Fighting       | 3 |  3.0
Shields        | 3 |  3.0
Long Blades    | |  2.3
Armour         | |  2.7
Dodging        | |  0.6

Action                   || total
-------------------------++-------
Melee: Long sword        ||    74
       Bite              ||     2
Armor: Scale mail        ||    16
       Ring mail         ||    17
Dodge: Dodged            ||    34
Block: Buckler           ||    20

Table legend: (Time is in decaauts)
 A = Elapsed time spent in this place.
 B = Non-inter-level travel time spent in this place.
 C = Inter-level travel time spent in this place.
 D = Time resting spent in this place.
 E = Time spent auto-exploring this place.
 F = Levels seen in this place.
 G = Mean time per level.
                   A        B        C        D        E       F      G
               +--------+--------+--------+--------+--------+-----+--------+
         Total |   1209 |   1141 |     68 |      5 |    868 |   3 |  403.0 |
       Dungeon |   1209 |   1141 |     68 |      5 |    868 |   3 |  403.0 |
               +--------+--------+--------+--------+--------+-----+--------+

Top non-repeatable levels by time:
     D:2: 696 daAuts
     D:1: 462 daAuts
     D:3: 50 daAuts
